 Dungeon Crawl Stone Soup version 0.21-a0-516-gaaff437 (webtiles) character file.

521 Gerstahl the Skirmisher (level 7, 0/56 HPs)
             Began as a Demonspawn Gladiator on Dec 4, 2017.
             Slain by a goblin
             ... wielding a +0 dagger
             ... led by Robin
              (6 damage)
             ... on level 4 of the Dungeon.
             The game lasted 00:07:55 (5349 turns).

Gerstahl the Skirmisher (Demonspawn Gladiator)      Turns: 5349, Time: 00:07:55

Health: 0/56       AC:  4    Str: 14    XL:     7   Next: 1%
Magic:  7/7        EV: 13    Int: 14    God:
Gold:   249        SH:  0    Dex: 17    Spells: 6/6 levels left

rFire    . . .     SeeInvis .   a - +0 quarterstaff
rCold    . . .     Gourm    .   (shield currently unavailable)
rNeg     . . .     Faith    .   b - +0 leather armour
rPois    .         Spirit   .   c - +0 helmet
rElec    .         Reflect  .   (no cloak)
rCorr    .         Harm     .   (no gloves)
MR       .....                  (no boots)
Stlth    +.........             (no amulet)
HPRegen  0.18/turn              (no ring)
MPRegen  0.10/turn              (no ring)

@: brilliant, lethally poisoned (0 -> -24)
A: talons 1, demonic guardian 2, powered by pain 2
a: no special abilities


You were on level 4 of the Dungeon.
You were hungry.

You visited 1 branch of the dungeon, and saw 4 of its levels.

You collected 249 gold pieces.

Inventory:

Hand Weapons
 a - a +0 quarterstaff (weapon)
Missiles
 d - 5 throwing nets (quivered)
Armour
 b - a +0 leather armour (worn)
 c - a +0 helmet (worn)
Jewellery
 i - an uncursed ring of flight {unknown}
 o - an uncursed amulet of guardian spirit {unknown}
 q - an uncursed ring of resist corrosion {unknown}
Scrolls
 e - 3 scrolls of remove curse {unknown}
 h - 6 scrolls of identify {unknown}
 l - 4 scrolls of enchant weapon {unknown}
 m - 4 scrolls of teleportation {unknown}
 u - a scroll of magic mapping {unknown}
 v - a scroll of fog {unknown}
Potions
 g - a potion of berserk rage {unknown}
 j - a potion of might {unknown}
 k - 2 potions of agility
 n - a potion of cancellation {unknown}
 p - a potion of brilliance
 s - a potion of curing {unknown}
 t - a potion of lignification {unknown}
Comestibles
 f - 4 bread rations
 r - a meat ration
 w - 2 fruits


   Skills:
 + Level 5.5 Fighting
 + Level 5.4 Staves
 - Level 1.7 Throwing
 - Level 2.6 Dodging


You had 6 spell levels left.
You didn't know any spells.

Dungeon Overview and Level Annotations

Branches:
Dungeon (4/15)
 Temple: D:4-7

Altars:

Annotations:
D:4 Robin


Innate Abilities, Weirdness & Mutations

You have sharp toenails.
A demonic guardian rushes to your aid.
You sometimes gain power by taking damage.


Message History

You feel sick. Robin throws the goblin at you!
The goblin hits you but does no damage.
You are lethally poisoned!
The goblin misses you. The goblin hits you.
You feel very sick. The goblin hits you but does no damage.
You feel sick. Robin throws the goblin at you!
* * * LOW HITPOINT WARNING * * *
The goblin closely misses you. The goblin hits you.
* * * LOW HITPOINT WARNING * * *
* * * LOW HITPOINT WARNING * * *
You feel very sick. Robin throws the goblin at you!
* * * LOW HITPOINT WARNING * * *
The goblin barely misses you. x2
You sock the goblin!
You kill the goblin!
* * * LOW HITPOINT WARNING * * *
You feel sick. The goblin misses you. The goblin hits you with a dagger.
You die...

#......#.......#.<.......
#......+.......'.........
#......#.......#.........
##....######+###...##...<
#########.....##...# ...
......#........#...# ..
...>..#........#...# .
......#........#)..#
......#........#@g.#
......#........#gg.#
##....##<....###g..#
########.....###g###
.............#..g..#
.............#..g..#
.............#.....#
.............).....#
.............#.....'..


You could see Robin and 6 goblins.

Vanquished Creatures
  A phantom (D:4)
  2 orc priests (D:3)
  A worker ant (D:3)
  7 gnolls
  8 adders
  5 worms
  A dart slug (D:1)
  7 leopard geckos
  6 orcs (D:3)
  8 bats
  5 giant cockroaches
  25 hobgoblins
  4 jackals
  2 quokkas
  4 ball pythons
  6 frilled lizards
  42 goblins
  16 kobolds
  7 rats
157 creatures vanquished.

Vanquished Creatures (collateral kills)
  A hound (D:4)
  An orc wizard (D:3)
  3 gnolls (D:3)
  A leopard gecko (D:4)
6 creatures vanquished.

Grand Total: 163 creatures vanquished

Notes
Turn   | Place    | Note
-------+----------+-------------------------------------------
     0 | D:1      | Gerstahl the Demonspawn Gladiator began the quest for the Orb.
     0 | D:1      | Reached XP level 1. HP: 16/16 MP: 1/1
    95 | D:1      | Gained mutation: You sometimes gain a little power by taking damage. [demonic ancestry]
    95 | D:1      | Reached XP level 2. HP: 22/23 MP: 2/2
   460 | D:1      | Gained mutation: A weak demonic guardian rushes to your aid. [demonic ancestry]
   460 | D:1      | Reached XP level 3. HP: 21/28 MP: 3/3
  1046 | D:2      | Gained mutation: A demonic guardian rushes to your aid. [demonic ancestry]
  1046 | D:2      | Reached XP level 4. HP: 30/35 MP: 4/4
  2017 | D:2      | Gained mutation: You have sharp toenails. [demonic ancestry]
  2017 | D:2      | Reached XP level 5. HP: 15/42 MP: 5/5
  3558 | D:3      | Gained mutation: You sometimes gain power by taking damage. [demonic ancestry]
  3558 | D:3      | Reached XP level 6. HP: 45/49 MP: 6/6
  4066 | D:3      | Reached skill level 5 in Fighting
  4074 | D:3      | Reached skill level 5 in Staves
  4288 | D:3      | HP: 1/51 [kobold/short sword of electrocution (12)]
  5330 | D:4      | Reached XP level 7. HP: 56/56 MP: 7/7
  5335 | D:4      | Noticed Robin
  5349 | D:4      | Slain by a goblin

Vault maps used:
D:1:      dpeg_arrival_snail
D:2:      first_bread, serial_forest, infiniplex_forest_pool,
          infiniplex_forest_straight_2, infiniplex_forest_clump_diagonal,
          infiniplex_forest_lined_room_, infiniplex_forest_zigzag_1,
          infiniplex_forest_join, infiniplex_forest_end_double,
          minmay_pentomino_w4
D:3:      minmay_goblin_kobold_castle, serial_forest, infiniplex_forest_end_2,
          infiniplex_forest_clump_diagonal, infiniplex_forest_lined_corner,
          infiniplex_forest_end_2, infiniplex_forest_fountain,
          infiniplex_forest_clump_medium, infiniplex_forest_lined_4_way,
          infiniplex_forest_lined_3, infiniplex_forest_straight_1,
          infiniplex_forest_clump_double, st_stairs_9
D:4:      uniq_robin

Skill      XL: |  1  2  3  4  5  6 |
---------------+-------------------+-----
Staves         | 3 4 5 |  5.4
Fighting       | 3 4 5 |  5.5
Throwing       | |  1.7
Dodging        | |  2.6

Action                   |  1- 3 |  4- 6 |  7- 9 || total
-------------------------+-------+-------+-------++-------
Melee: Quarterstaff      |   121 |   320 |    10 ||   451
       Kick              |       |    50 |     1 ||    51
Throw: Throwing net      |       |     1 |       ||     1
  Use: Potion            |       |     3 |     1 ||     4
 Stab: Invisible         |       |     1 |       ||     1
       Sleeping          |       |     1 |       ||     1
       Distracted        |       |     1 |       ||     1
  Eat: Chunk             |     1 |     8 |       ||     9
       Meat ration       |       |     1 |       ||     1
Armor: Leather armour    |    33 |    70 |     9 ||   112
Dodge: Dodged            |    79 |   261 |    15 ||   355

Table legend:
 A = Spawn XP
 B = Non-spawn XP
 C = Spawn XP percentage of total XP
 D = Spawn monster count
 E = Non-spawn monster count
 F = Spawn count percentage of total count
 G = Total turns spent on level
                    A         B        C        D         E        F      G
               +---------+---------+-------+---------+---------+-------+---------
         Total |       0 |     745 |   0.0 |       0 |     163 |   0.0 |  5349
               +---------+---------+-------+---------+---------+-------+---------
           D:1 |       0 |      71 |   0.0 |       0 |      29 |   0.0 |   826
           D:2 |       0 |     153 |   0.0 |       0 |      33 |   0.0 |  1646
           D:3 |       0 |     379 |   0.0 |       0 |      90 |   0.0 |  2560
           D:4 |       0 |     142 |   0.0 |       0 |      11 |   0.0 |   317
               +---------+---------+-------+---------+---------+-------+---------
